 Dungeon Crawl Stone Soup version 0.29.0-11-gd7f09526c8 (webtiles) character file.

Game seed: 4233817687668300486

111 robertstho the Ruffian (level 4, -1/24 HPs)
             Began as a Vine Stalker Berserker on Sept 2, 2022.
             Was a Believer of Trog.
             Splashed by a jelly's acid (6 damage)
             ... on level 2 of the Dungeon.
             The game lasted 00:02:37 (1398 turns).

robertstho the Ruffian (Vine Stalker Berserker)     Turns: 1398, Time: 00:02:39

Health: -1/24      AC:  0    Str: 19    XL:     4   Next: 92%
Magic:  0/5        EV: 10    Int:  9    God:    Trog [**....]
Gold:   141        SH:  0    Dex: 14    Spells: 3/3 levels left

rFire   . . .      SeeInvis .     - Unarmed
rCold   . . .      Faith    .   (no shield)
rNeg    . . .      Spirit   +   g - +0 scale mail
rPois   .          Reflect  .   (no helmet)
rElec   .          Harm     .   (no cloak)
rCorr   .          Rampage  .   f - +0 pair of gloves
Will    .....                   (no boots)
Stlth   ..........              (no amulet)
HPRegen 0.88/turn               (no ring)
MPRegen 0.09/turn               (no ring)

@: corroded, on berserk cooldown, slowed, very slow
A: fangs 2, regeneration 1, magic shield, antimagic bite, no potion heal 2
a: Renounce Religion, Berserk, Trog's Hand


You were on level 2 of the Dungeon.
You worshipped Trog.
Trog was pleased with you.
You visited 1 branch of the dungeon, and saw 2 of its levels.

You collected 141 gold pieces.

Inventory:

Armour
 f - a +0 pair of gloves (worn)
 g - a +0 scale mail (worn)
Scrolls
 a - a scroll of enchant armour {unknown}
 c - a scroll of blinking {unknown}
 d - a scroll of teleportation {unknown}
 e - a scroll of fog
 i - a scroll of immolation {unknown}
Potions
 b - a potion of heal wounds {unknown}
 h - 2 potions of curing
 j - 2 potions of resistance {unknown}


   Skills:
 * Level 3.3 Fighting
 + Level 2.1 Armour
 + Level 1.9 Dodging
 * Level 4.3 Unarmed Combat


You had 3 spell levels left.
You didn't know any spells.
Your spell library was empty.

Dungeon Overview and Level Annotations

Branches:
Dungeon (2/15)

Altars:


Innate Abilities, Weirdness & Mutations

You have extremely sharp teeth.
Your natural rate of healing is unusually fast.
When hurt, damage is shared between your health and your magic reserves.
Your bite disrupts and absorbs the magic of your enemies.
Potions cannot restore your health.


Message History

The jelly barely misses you.
You punch the jelly!
You kill the jelly!
Trog accepts your kill.
A nearby toadstool withers and dies.
You hit the endoplasm. You bite the endoplasm.
You kill the endoplasm!
Trog accepts your kill.
You hit the endoplasm.
The endoplasm is almost dead.
The endoplasm hits you.
You hit the endoplasm but do no damage. You bite the endoplasm.
You kill the endoplasm!
Trog accepts your kill.
You are no longer berserk.
You are exhausted.
You feel yourself slow down.
You hit the endoplasm.
You kill the endoplasm!
Trog accepts your kill.
You completely miss the jelly. You bite the jelly, but do no damage.
A nearby toadstool withers and dies.
The jelly hits you but does no damage.
The jelly jiggles.
The jelly barely misses you.
You hit the jelly.
Your hands burn!
You bite the jelly. You drain its power.
You feel invigorated.
The jelly is moderately wounded.
The jelly barely misses you.
You hit the jelly.
Your hands burn!
The jelly is severely wounded.
The jelly hits you. The acid corrodes you!
You are splashed with acid!
The jelly hits you.
You are splashed with acid.
You hit the jelly.
Your hands burn!
* * * LOW HITPOINT WARNING * * *
You bite the jelly, but do no damage.
The jelly is severely wounded.
The jelly hits you.
* * * LOW HITPOINT WARNING * * *
You are splashed with acid.
You die...

##.....###....#
#.......##..###
#.......##...
#.......##..
#.......#
#....####
#....'..##
########.#
##@..)..##
#J#######
#.J.P.PJP.
#...J.J.PJ
#÷÷...P.PJ
#..÷PJPJJ.
#÷..P.J.P.
#...P.P.÷$
##########


You could see a jelly and an endoplasm.

Vanquished Creatures
  2 jellies (D:2)
  3 dart slugs (D:1)
  6 ball pythons
  8 endoplasms
  4 giant cockroaches (D:1)
  3 goblins (D:1)
  7 hobgoblins (D:1)
  6 kobolds (D:2)
  A bat (D:1)
  A frilled lizard (D:1)
  2 rats
43 creatures vanquished.

Vanquished Creatures (others)
  6 fungi (D:2)
  9 toadstools (D:2)
15 creatures vanquished.

Grand Total: 58 creatures vanquished

Notes
Turn   | Place    | Note
-------+----------+-------------------------------------------
     0 | D:1      | robertstho the Vine Stalker Berserker began the quest for
                  | the Orb.
     0 | D:1      | Reached XP level 1. HP: 11/11 MP: 2/2
   243 | D:1      | Reached XP level 2. HP: 16/16 MP: 3/3
   586 | D:1      | Reached XP level 3. HP: 18/20 MP: 4/4
  1187 | D:2      | Reached ** piety under Trog
  1384 | D:2      | Reached skill level 4 in Unarmed Combat
  1384 | D:2      | Gained mutation: Your natural rate of healing is unusually
                  | fast. [Vine Stalker growth]
  1384 | D:2      | Reached XP level 4. HP: 24/24 MP: 2/5
  1398 | D:2      | Splashed by a jelly's acid

Illustrated notes

Levels and vault maps discovered:
D:1:      dpeg_arrival_chambers_temple_mockup, layout_rooms,
          hangedman_abyss_or_decor_lesser_grid
D:2:      cheibrodos_fertilizer, layout_rooms,
          dreamdust_ecumenical_altar_hidden_monk_grotto, kennysheep_potato,
          uniq_crazy_yiuf_cottage

Skill      XL: |  1  2  3 |
---------------+----------+-----
Fighting       | 3 |  3.3
Armour         | 2 |  2.1
Unarmed Combat | 4 |  4.3
Dodging        | |  1.9

Action                   |  1- 3 |  4- 6 || total
-------------------------+-------+-------++-------
Melee: Unarmed           |    88 |    11 ||    99
       Bite              |    19 |     6 ||    25
       Punch             |     1 |       ||     1
Invok: Berserk           |     3 |       ||     3
  Use: Potion            |     1 |       ||     1
       Scroll            |     2 |       ||     2
Armor: Animal skin       |     7 |       ||     7
       Scale mail        |    21 |     1 ||    22
Dodge: Dodged            |    60 |     3 ||    63
